 Dungeon Crawl Stone Soup version 0.30-a0-840-ga523dec638 (webtiles) character file.

Game seed: 14458837745594013685

989 Aneyh the Fighter (level 8, 0/51 HPs)
             Began as a Tengu Monk on Mar 1, 2023.
             Was a Believer of Hepliaklqana.
             Killed from afar by a steam dragon (18 damage)
             ... with a ball of steam
             ... on level 6 of the Dungeon.
             The game lasted 00:10:17 (5781 turns).

Aneyh the Fighter (Tengu Monk)                      Turns: 5781, Time: 00:10:17

Health: 0/51       AC:  5    Str: 13    XL:     8   Next: 18%
Magic:  9/9        EV: 15    Int: 14    God:    Hepliaklqana [**....]
Gold:   231        SH:  0    Dex: 20    Spells: 7/7 levels left

rFire   . . .      SeeInvis .    l - +0 trident
rCold   + . .      Faith    .    (no shield)
rNeg    + . .      Spirit   .    f - +1 leather armour "Ruevi" {Int+3}
rPois   .          Reflect  .    (helmet restricted)
rElec   .          Harm     .    g - +0 cloak of the Shrike {rN+ Dex+3}
rCorr   +          Rampage  .    (no gloves)
Will    .....                    (boots unavailable)
Stlth   ++                       x - amulet of magic regeneration
HPRegen 0.28/turn                u - ring of protection from cold
MPRegen 0.51/turn                v - ring of resist corrosion

@: flying quickly and evasively, quick
A: reduced essence, beak, talons 3, nimble flight
a: Renounce Religion, Recall Ancestor, Ancestor Identity


You were on level 6 of the Dungeon.
You worshipped Hepliaklqana.
Hepliaklqana was pleased with you.
You visited 2 branches of the dungeon, and saw 7 of its levels.

You collected 231 gold pieces.

Inventory:

Hand Weapons
 a - a +0 spear
 b - a +0 sling
 l - a +0 trident (weapon)
 m - a +2 mace of protection
 t - a +1 vampiric hand axe
Missiles
 s - 3 javelins
 D - a throwing net
Armour
 d - a +0 robe
 f - the +1 leather armour "Ruevi" (worn) {Int+3}
   (You found it on level 3 of the Dungeon)

   Int:       It affects your intelligence (+3).
 g - the +0 cloak of the Shrike (worn) {rN+ Dex+3}
   (You acquired it on level 6 of the Dungeon)

   Dex:       It affects your dexterity (+3).
   rN:        It protects you from negative energy.
 h - a +0 leather armour
 i - a +0 leather armour of willpower
 k - the +1 pair of gloves of the Eagle {rElec rF+++ Will+ Str-5}
   (You found it on level 6 of the Dungeon)

   Str:       It affects your strength (-5).
   rF:        It renders you almost immune to fire.
   rElec:     It insulates you from electricity.
   Will:      It increases your willpower.
Jewellery
 u - a ring of protection from cold (left hand)
 v - a ring of resist corrosion (right hand)
 x - an amulet of magic regeneration (around neck)
 y - an amulet of regeneration
Scrolls
 e - 4 scrolls of teleportation
 o - a scroll of fear {unknown}
 r - a scroll of enchant weapon
 w - 2 scrolls of identify
 B - a scroll of enchant armour
 C - 2 scrolls of butterflies {unknown}
 F - a scroll of silence
Potions
 c - a potion of ambrosia
 j - 2 potions of curing
 n - 3 potions of haste {unknown}
 p - 2 potions of heal wounds {unknown}
 q - a potion of attraction {unknown}
 z - 2 potions of flight {unknown}
 A - a potion of degeneration {unknown}
 E - a potion of mutation {unknown}


   Skills:
 + Level 9.7 Fighting
 - Level 3.2 Polearms
 - Level 3.2 Dodging
 - Level 2.0 Stealth


You had 7 spell levels left.
You didn't know any spells.
Your spell library contained the following spells:

 Spells                   Type           Power      Damage    Failure   Level
 Vhi's Electric Charge    Tloc/Air       0%         N/A       73%         3
 Arcjolt                  Conj/Air       0%         1d10      100%        5
 Maxwell's Capacitive Co  Air            0%         ∞         100%        8


Dungeon Overview and Level Annotations

Branches:
Dungeon (6/15)             Temple (1/1) D:5

Altars:
Cheibriados
Dithmenos
Elyvilon
Gozag
Hepliaklqana
Makhleb
Nemelex Xobeh
Ru
Sif Muna
Trog
Uskayaw
Vehumet
Wu Jian
Yredelemnul

Annotations:
D:4 Duvessa
Temple 2 transporters


Innate Abilities, Weirdness & Mutations

Your life essence is reduced to manifest your ancestor. (-10% HP)
You have a beak for a mouth.
You have claws for feet.
Your magical nature lets you fly swiftly and evasively.


Message History

The sky beast dies!
You start resting.
Ancestor HP restored.
You start resting.
You hear the hiss of an avalanche of sand very nearby.
You start resting.
You hear the brisk hiss of an avalanche of sand very nearby.
You swap places.
An orc and a hound come into view.
Nebetia hits the hound with a +0 flail!!
The hound dies!
The orc shouts!
Reach: l) +0 trident
Press: ? - help, Dir - move target, f - orc
Aim: an orc, wielding a +0 flail and wearing a +0 leather armour (ally target, about 34% to evade your +0 trident)
You reach to attack!
You barely miss the orc. You hit the orc but do no damage. You claw the orc.
The orc is moderately wounded.
Nebetia hits the orc with a +0 flail!
The orc dies!
j - 2 potions of curing (gained 1)
You swap places.
Found a glowing gold wand.
A steam dragon comes into view.
Found 9 stones.
The steam dragon barely misses you.
The steam dragon claws you but does no damage.
You hit the steam dragon. Your kick misses the steam dragon.
The steam dragon is lightly wounded.
The steam dragon breathes steam at you. The ball of steam hits you!!
The ball of steam hits Nebetia!
Nebetia resists.
You hear a shout! x3
The steam dragon bites you but does no damage.
The steam dragon closely misses you.
You hit the steam dragon.
You peck the steam dragon, but do no damage.
The steam dragon is lightly wounded.
The steam dragon breathes steam at you. The ball of steam hits you!!
You die...

##(#... #..#...
##...... .##
#......# ..##
#......# #....
#......##./#
#......D..#
#.@R.###...
###........ .. ###
##§####... ... #.##
#.## # ...
##..#####.# ...##
##......#..#
....###..####....###
.#..##..##
##.....###..#
.##....#
#.†...).....#


You could see the friendly Nebetia the knight and a steam dragon (catching
breath, ally target).

Vanquished Creatures
  A necrophage (D:4)
  3 scorpions
  4 hounds
  2 jellies (D:5)
  5 adders
  7 gnolls
  A white imp (D:6)
  An ufetubus (D:5)
  2 worms
  3 dart slugs
  An orc (D:2)
  3 ball pythons
  A bat (D:2)
  7 endoplasms
  3 giant cockroaches
  6 goblins
  A hobgoblin (D:2)
  9 jackals
  7 kobolds
  4 quokkas
  A frilled lizard (D:2)
  11 rats
83 creatures vanquished.

Vanquished Creatures (collateral kills)
  2 black bears (D:5)
  A sky beast (D:6)
  A scorpion (D:6)
  A hound (D:6)
  An orc (D:6)
  A quokka (D:5)
7 creatures vanquished.

Grand Total: 90 creatures vanquished

Notes
Turn   | Place    | Note
-------+----------+-------------------------------------------
     0 | D:1      | Aneyh the Tengu Monk began the quest for the Orb.
     0 | D:1      | Reached XP level 1. HP: 14/14 MP: 2/2
    89 | D:1      | Reached XP level 2. HP: 19/19 MP: 3/3
   571 | D:1      | Reached skill level 4 in Fighting
   583 | D:1      | Reached XP level 3. HP: 24/24 MP: 4/4
  1129 | D:2      | Reached XP level 4. HP: 20/30 MP: 5/5
  1624 | D:3      | Reached skill level 5 in Fighting
  1714 | D:3      | Gained mutation: Your magical nature lets you fly swiftly
                  | and evasively. [Tengu growth]
  1714 | D:3      | Reached XP level 5. HP: 16/35 MP: 6/6
  1909 | D:3      | Identified the +1 leather armour "Ruevi" {Int+3}
  2793 | D:3      | Reached skill level 6 in Fighting
  3088 | D:4      | Found a hide-covered altar of Uskayaw.
  3247 | D:4      | Reached XP level 6. HP: 31/42 MP: 7/7
  3442 | D:4      | Reached skill level 7 in Fighting
  3820 | D:4      | Noticed Duvessa
  3858 | D:5      | Entered Level 5 of the Dungeon
  4056 | D:5      | Found a staircase to the Ecumenical Temple.
  4087 | Temple   | Entered the Ecumenical Temple
  4087 | Temple   | Found a transporter.
  4087 | Temple   | Found a transporter.
  4203 | Temple   | Found a transporter.
  4203 | Temple   | Found a transporter.
  4216 | Temple   | Became a worshipper of Hepliaklqana the Forgotten
  4216 | Temple   | Reached * piety under Hepliaklqana
  4216 | Temple   | Reached ** piety under Hepliaklqana
  4217 | Temple   | Remembered your ancestor Nebetia as a knight
  4374 | D:5      | Reached XP level 7. HP: 43/43 MP: 8/8
  4398 | D:5      | Reached skill level 8 in Fighting
  5232 | D:5      | Reached skill level 9 in Fighting
  5491 | D:6      | Identified a scroll of acquirement
  5491 | D:6      | Acquired the +0 cloak of the Shrike {rN+ Dex+3}
  5645 | D:6      | Identified the +1 pair of gloves of the Eagle {rElec rF+++
                  | Will+ Str-5}
  5663 | D:6      | Reached XP level 8. HP: 15/50 MP: 9/9
  5781 | D:6      | Killed from afar by a steam dragon

Illustrated notes

Levels and vault maps discovered:
D:1:      wander_arrival_peaceful_grave, layout_loops_ring, minmay_heptomino_h4
D:2:      layout_basic, minmay_misc_feat_enclosed, chequers_mini_garden
D:3:      layout_basic
D:4:      layout_rooms, nicolae_overflow_squiral,
          eino_small_chamber_without_monster, minivault_5, uniq_grinder,
          uniq_duvessa
D:5:      layout_layer_cave, minmay_temple_entry_large_hall,
          kennysheep_generic_room_2
D:6:      layout_layer_cave, nicolae_ossuary_entry_catacombs, uniq_edmund
Temple:   hellmonk_temple_divided_pantheon

Skill      XL: |  1  2  3  4  5  6  7 |
---------------+----------------------+-----
Fighting       | 4 5 6 7 9 |  9.7
Polearms       | |  3.2
Dodging        | |  3.2
Stealth        | |  2.0

Action                     |  1- 3 |  4- 6 |  7- 9 || total
---------------------------+-------+-------+-------++-------
  Melee: Spear             |    28 |       |       ||    28
         Kick              |    11 |    44 |     9 ||    64
         Peck              |     3 |    27 |    11 ||    41
         Trident           |    18 |   137 |    43 ||   198
         Punch             |     1 |     1 |       ||     2
   Fire: Sling             |    46 |       |       ||    46
 Invoke: Ancestor Life: Kn |       |     1 |       ||     1
    Use: Potion            |       |     2 |       ||     2
         Scroll            |       |     2 |     6 ||     8
   Stab: Sleeping          |     2 |     2 |     2 ||     6
         Distracted        |       |     2 |       ||     2
 Armour: Robe              |     1 |       |       ||     1
         Leather armour    |     5 |    24 |     9 ||    38
  Dodge: Dodged            |    38 |   102 |    27 ||   167

Table legend: (Time is in decaauts)
 A = Elapsed time spent in this place.
 B = Non-inter-level travel time spent in this place.
 C = Inter-level travel time spent in this place.
 D = Time resting spent in this place.
 E = Time spent auto-exploring this place.
 F = Levels seen in this place.
 G = Mean time per level.
                   A        B        C        D        E       F      G
               +--------+--------+--------+--------+--------+-----+--------+
         Total |   5587 |   5461 |    126 |   1575 |   2830 |   7 |  798.1 |
       Dungeon |   5442 |   5316 |    126 |   1461 |   2830 |   6 |  907.0 |
        Temple |    144 |    144 |      0 |    114 |      0 |   1 |  144.0 |
               +--------+--------+--------+--------+--------+-----+--------+

Top non-repeatable levels by time:
     D:2: 1526 daAuts
     D:5: 1379 daAuts
     D:1: 841 daAuts
     D:4: 754 daAuts
     D:3: 654 daAuts
     D:6: 286 daAuts
  Temple: 144 daAuts
